 Dungeon Crawl Stone Soup version 0.20.1-1-g8b1a95d (webtiles) character file.

91 Mitsuki the Digger (level 4, -1/24 HPs)
             Began as a Gargoyle Earth Elementalist on Oct 4, 2017.
             Slain by matthes123's ghost (5 damage)
             ... on level 3 of the Dungeon.
             The game lasted 00:10:47 (3860 turns).

Mitsuki the Digger (Gargoyle Earth Elementalist)    Turns: 3860, Time: 00:10:47

Health: -1/24      AC:  9    Str: 11    XL:     4   Next: 57%
Magic:  0/8        EV: 12    Int: 17    God:
Gold:   151        SH:  0    Dex: 10    Spells: 5/9 levels left

rFire    . . .     SeeInvis .   f - +0 dagger (curse)
rCold    . . .     Gourm    .   (no shield)
rNeg     + . .     Faith    .   c - +1 robe
rPois    ∞         Spirit   .   (no helmet)
rElec    +         Reflect  .   (no cloak)
rCorr    .         Harm     .   u - +2 pair of gloves
MR       .....                  (no boots)
Stlth    ++........             (no amulet)
Regen    0.1/turn               (no ring)
MPRegen  0.2/turn               (no ring)

@: no status effects
A: negative energy resistance 1, electricity resistance, unbreathing,
petrification resistance, rot immunity, AC +3
a: no special abilities


You were on level 3 of the Dungeon.
You were not hungry.

You visited 1 branch of the dungeon, and saw 3 of its levels.

You collected 151 gold pieces.

Inventory:

Hand Weapons
 f - a cursed +0 dagger (weapon)
Missiles
 b - 27 stones (quivered)
Armour
 c - a +1 robe (worn)
 u - a +2 pair of gloves (worn)
Wands
 v - a wand of disintegration (6/24)
Scrolls
 g - 5 scrolls of identify
 i - 3 scrolls of teleportation
 o - 3 scrolls of enchant weapon
Potions
 a - 3 potions of flight
 k - a potion of magic {unknown}
 l - a potion of heal wounds {unknown}
 m - a potion of berserk rage {unknown}
 p - a potion of agility {unknown}
 q - a potion of mutation {unknown}
 s - a potion of lignification {unknown}
 t - 3 potions of brilliance {unknown}
 w - 2 potions of curing {unknown}
Books
 e - a book of Geomancy

   Spells                             Type                      Level
   a - Sandblast                      Earth                        1
   b - Passwall                       Transmutation/Earth          2
   c - Stone Arrow                    Conjuration/Earth            3
   d - Petrify                        Transmutation/Earth          4
   e - Lee's Rapid Deconstruction     Earth                        5
Comestibles
 d - 6 bread rations
 j - 3 meat rations
 n - a royal jelly


   Skills:
 - Level 1.5 Dodging
 - Level 2.1 Stealth
 + Level 3.0 Spellcasting
 + Level 1.2 Conjurations
   Level 0.7 Transmutations
 + Level 5.0 Earth Magic


You had 5 spell levels left.
You knew the following spells:

 Your Spells              Type           Power        Failure   Level  Hunger
a - Sandblast             Erth           ###...       2%          1    None
b - Stone Arrow           Conj/Erth      ##....       14%         3    ###....


Dungeon Overview and Level Annotations

Branches:
Dungeon (3/15)

Altars:

Annotations:
D:3 matthes123's ghost, amateur MiFi


Innate Abilities, Weirdness & Mutations

You are resistant to torment.
Your stone body is resilient. (AC +3)
You are immune to poison.
You resist negative energy. (rN+)
You are resistant to electric shocks. (rElec)
You can survive without breathing.
You are immune to petrification.
You are immune to rotting.


Message History

Casting: Sandblast
Confirm with . or Enter, or press ? or * to list all spells.
You don't have enough magic to cast that spell.
You hit matthes123's ghost but do no damage.
Matthes123's ghost is almost destroyed.
Matthes123's ghost hits you!
* * * LOW HITPOINT WARNING * * *
You hit matthes123's ghost but do no damage.
Matthes123's ghost is almost destroyed.
Matthes123's ghost hits you but does no damage.
Casting: Sandblast
Confirm with . or Enter, or press ? or * to list all spells.
Aiming: Sandblast
Press: ? - help, Shift-Dir - straight line, f/p - matthes123's ghost
Aim: matthes123's ghost (almost destroyed)
The blast of sand hits matthes123's ghost.
Matthes123's ghost is almost destroyed.
b - 27 stones Matthes123's ghost hits you.
You die...

#........###>...#.....
#......[.'......####..
#........##...### #..
#......[..#...# #.#
#.........#...# #.#
#...<..<..#...## ##'#
#.........#....####...
###+#W#+#.#.......+...
#@# .#.##..###... #.#
.#.###.# #... #.# .#.#
#.# #... #.# #.#
#.###... # #.#####.#
#..##### #.#.......#
##.##
####.############..##
........<#...)......#
###.#..##..........#


You could see matthes123's ghost.

Vanquished Creatures
  2 adders
  2 oozes
  2 worms (D:2)
  3 dart slugs
  2 leopard geckos
  An orc (D:3)
  5 bats
  5 giant cockroaches
  4 hobgoblins
  3 kobolds
  A quokka (D:2)
  5 frilled lizards
  9 goblins
  5 rats
49 creatures vanquished.

Notes
Turn   | Place    | Note
-------+----------+-------------------------------------------
     0 | D:1      | Mitsuki the Gargoyle Earth Elementalist began the quest for the Orb.
     0 | D:1      | Reached XP level 1. HP: 10/10 MP: 3/3
   846 | D:1      | Reached XP level 2. HP: 5/15 MP: 0/5
  1348 | D:1      | Reached skill level 4 in Earth Magic
  1792 | D:2      | Reached XP level 3. HP: 2/19 MP: 2/7
  1797 | D:2      | Learned a level 3 spell: Stone Arrow
  2988 | D:2      | Reached skill level 1 in Conjurations
  2988 | D:2      | Reached XP level 4. HP: 24/24 MP: 5/8
  3162 | D:3      | Noticed matthes123's ghost (amateur MiFi)
  3280 | D:3      | Reached skill level 5 in Earth Magic
  3860 | D:3      | Slain by matthes123's ghost

Skill      XL: |  1  2  3  4 |
---------------+-------------+-----
Earth Magic    | 4 5 |  5.0
Conjurations   | 1 |  1.2
Spellcasting   | 3 |  3.0
Dodging        | |  1.5
Stealth        | |  2.1
Transmutations | |  0.7

Action                   |  1- 3 |  4- 6 || total
-------------------------+-------+-------++-------
Melee: Whip              |   233 |   111 ||   344
       Unarmed           |     1 |       ||     1
       Dagger            |       |     6 ||     6
 Cast: Sandblast         |    16 |    10 ||    26
  Use: Scroll            |     5 |     2 ||     7
 Stab: Sleeping          |     1 |     3 ||     4
  Eat: Chunk             |     5 |     3 ||     8
       Royal jelly       |     1 |       ||     1
Armor: Robe              |   131 |    42 ||   173
Dodge: Dodged            |   181 |    70 ||   251
